 Dungeon Crawl Stone Soup version 0.31.0-12-g77e489cdc1 (webtiles) character file.

Game seed: 1206233172332639732

157 hawla the Shield-Bearer (level 5, -5/46 HPs)
             Began as a Minotaur Fighter on Feb 13, 2024.
             Was an Initiate of Makhleb.
             Slain by Terence
             ... wielding a +0 flail
              (8 damage)
             ... on level 3 of the Dungeon.
             The game lasted 00:04:00 (1930 turns).

hawla the Shield-Bearer (Minotaur Fighter)          Turns: 1930, Time: 00:04:00

Health: -5/46      AC:  7    Str: 22    XL:     5   Next: 15%
Magic:  3/5        EV: 10    Int:  5    God:    Makhleb [......]
Gold:   98         SH:  5    Dex: 10    Spells: 4/4 levels left

rFire   . . .        a - +0 war axe
rCold   . . .        c - +0 buckler
rNeg    . . .        b - +0 scale mail
rPois   .            (helmet restricted)
rElec   .            (no cloak)
rCorr   .            (no gloves)
SInv    .            (no boots)
Will    .....        (no amulet) Stlth
                     (no ring)
HPRegen 0.27/turn    (no ring)
MPRegen 0.09/turn

%: no passive effects
@: about to teleport
A: horns 2, retaliatory headbutt
a: Renounce Religion


You were on level 3 of the Dungeon.
You worshipped Makhleb.
Makhleb was noncommittal.
You visited 1 branch of the dungeon, and saw 3 of its levels.

You collected 98 gold pieces.

Inventory:

Hand Weapons
 a - a +0 war axe (weapon)
Missiles
 g - 2 poisoned darts (quivered)
Armour
 b - a +0 scale mail (worn)
 c - a +0 buckler (worn)
Scrolls
 i - a scroll of teleportation
 l - a scroll of identify {unknown}
 m - a scroll of brand weapon {unknown}
Potions
 d - a potion of might
 e - a potion of curing
 f - a potion of attraction {unknown}
 h - a potion of invisibility {unknown}
 j - 2 potions of degeneration {unknown}
 k - a potion of ambrosia {unknown}


   Skills:
 - Level 4.0 Fighting
 - Level 2.4 Axes
 + Level 4.2 Armour
 - Level 3.0 Dodging
 - Level 5.0 Shields
 + Level 1.5 Invocations


You had 4 spell levels left.
You didn't know any spells.
Your spell library was empty.

Dungeon Overview and Level Annotations

Branches:
Dungeon (3/15)

Altars:
Makhleb

Shops:
D:1 ?(!(

Annotations:
D:3 Terence


Innate Abilities, Weirdness & Mutations

You have a pair of horns on your head.
You reflexively headbutt those who attack you in melee.


Message History

You hit Terence but do no damage.
Ijyb zaps a wand.
The puff of flame misses you. You block Terence's attack.
You barely miss Ijyb.
Ijyb is lightly wounded.
You hit Terence but do no damage. Terence hits you with a +0 flail.
Ijyb hits you but does no damage. Terence hits you but does no damage.
Ijyb barely misses you.
You slash Ijyb!
Ijyb is heavily wounded.
You barely miss Terence.
A bat comes into view.
Terence barely misses you. Ijyb barely misses you.
The bat moves out of view.
Unknown command.
You barely miss Ijyb. Your headbutt misses Ijyb.
Ijyb is heavily wounded.
You hit Terence. Terence hits you with a +0 flail.
Ijyb zaps a wand.
The puff of flame hits you.
You are too injured to fight recklessly!
You are too injured to fight recklessly!
Unknown command.
You are too injured to fight recklessly!
You hit Terence. You headbutt Terence, but do no damage.
Terence is heavily wounded.
You slash Ijyb! Terence hits you with a +0 flail!
* * * LOW HITPOINT WARNING * * *
Ijyb closely misses you. You furiously retaliate!
You headbutt Ijyb!
You kill Ijyb!
Makhleb accepts your kill. Terence shouts, "Now you die!"
Terence hits you with a +0 flail!
* * * LOW HITPOINT WARNING * * *
You have reached level 5!
It was a potion of curing.
You feel better. Terence hits you with a +0 flail.
* * * LOW HITPOINT WARNING * * *
As you read the scroll of teleportation, it crumbles to dust.
You feel strangely unstable. Terence hits you with a +0 flail.
* * * LOW HITPOINT WARNING * * *
Terence attacks as he pursues you! Terence hits you with a +0 flail!
You die...
Terence says, "Time to find some more victims."

#. ##. #. ..
.###.# ..#..
####...# #
##...[..# .#
#.....># ..
#...<.#.#
#...@@..#
#...[)#.$....#
##...........#
#..##........#
#...
.........# #..
#........# ##.
..........
.#........


You could see Terence.

Vanquished Creatures
  An orc priest (D:3)
  Ijyb (D:3)
  3 adders (D:2)
  2 dart slugs
  A ribbon worm (D:2)
  5 orcs (D:2)
  4 ball pythons
  2 endoplasms (D:2)
  3 giant cockroaches
  4 goblins
  5 hobgoblins
  11 jackals
  A quokka (D:2)
  6 bats
  A frilled lizard (D:1)
  4 kobolds (D:1)
  6 rats
60 creatures vanquished.

Notes
Turn   | Place    | Note
-------+----------+-------------------------------------------
     0 | D:1      | hawla the Minotaur Fighter began the quest for the Orb.
     0 | D:1      | Reached XP level 1. HP: 19/19 MP: 0/0
     3 | D:1      | Found Worikegg's Magic Scroll Shop.
   150 | D:1      | Reached skill level 1 in Dodging
   151 | D:1      | Reached XP level 2. HP: 25/27 MP: 1/1
   315 | D:1      | Found a faded altar of an unknown god.
   358 | D:1      | Found Casyij's Antique Weapon Shoppe.
   399 | D:1      | Found Alejuen's Distillery.
   403 | D:1      | Found Tidwu's Antique Weapon Boutique.
   848 | D:2      | Reached XP level 3. HP: 23/33 MP: 2/2
  1111 | D:2      | Reached skill level 4 in Shields
  1193 | D:2      | Reached XP level 4. HP: 38/40 MP: 3/3
  1632 | D:2      | Found a burning altar of Makhleb.
  1651 | D:2      | Became a worshipper of Makhleb the Destroyer
  1786 | D:3      | Noticed Ijyb
  1795 | D:2      | Reached skill level 5 in Shields
  1916 | D:3      | Noticed Terence
  1923 | D:3      | Reached skill level 1 in Invocations
  1927 | D:3      | Killed Ijyb
  1927 | D:3      | HP: 1/40 [Terence/+0 flail (10)]
  1928 | D:3      | Reached XP level 5. HP: 1/46 MP: 3/5
  1930 | D:3      | Slain by Terence

Illustrated notes

Levels and vault maps discovered:
D:1:      heliophobic_arrival_enchanted_forest, layout_loops_ring, serial_shops,
          shop, shop, nicolae_shop_overgrown_old_shop,
          nicolae_shop_tiny_statue_garden, basic_ecumenical_altar
D:2:      layout_basic, basic_altar, minmay_tromino_i2
D:3:      layout_rooms, serial_shops, nicolae_shop_overgrown_old_shop,
          lexackson_kobold_supper, uniq_sigmund, uniq_ijyb, uniq_terence

Skill      XL: |  1  2  3  4 |
---------------+-------------+-----
Dodging        | 1 2 3 |  3.0
Fighting       | 4 |  4.0
Shields        | 4 5 |  5.0
Armour         | 4 |  4.2
Invocations    | 1 |  1.5
Axes           | |  2.4

Action                     |  1- 3 |  4- 6 || total
---------------------------+-------+-------++-------
  Melee: War axe           |    91 |    34 ||   125
         Headbutt          |     8 |     8 ||    16
    Use: Scroll            |     2 |     1 ||     3
         Potion            |       |     1 ||     1
 Armour: Scale mail        |    87 |    52 ||   139
  Dodge: Dodged            |    58 |    26 ||    84
  Block: Buckler           |    28 |    12 ||    40
